 Dungeon Crawl Stone Soup version 0.14.0-24-gfb45beb (webtiles) character file.

355 staplegun the Skirmisher (level 6, -1/60 HPs)
             Began as a Gargoyle Berserker on Apr 24, 2014.
             Was a Believer of Trog.
             Killed by divine providence
             ... invoked by an orc priest
              (16 damage)
             ... on Level 4 of the Dungeon.
             The game lasted 00:03:26 (3522 turns).

staplegun the Skirmisher (Gargoyle Berserker)       Turns: 3522, Time: 00:03:26

HP  -1/60        AC 11     Str 28      XL: 6   Next: 55%
MP   6/6         EV 12     Int  7      God: Trog [**....]
Gold 17          SH  0     Dex  9      Spells:  0 memorised,  5 levels left

rFire  . . .     SeeInvis .     a - +0 mace
rCold  . . .     Clarity  .     b - +0 animal skin
rNeg   + . .     Conserve .     (no shield)
rPois  +         rCorr    .     y - +2 helmet
rElec  +         rRot     +     o - +0 cloak
SustAb . .       Spirit   .     (no gloves)
rMut   .         Warding  .     (no boots)
Saprov . . .     Stasis   .     (no amulet)
MR     .....                    (no ring)
                                (no ring)

@: berserking, very quick, not resistant to hostile enchantments, extremely
unstealthy
A: life protection 1, electricity resistance, unbreathing, petrification
resistance, AC +4
a: Burn Spellbooks, Berserk, Trog's Hand, Renounce Religion


You were on level 4 of the Dungeon.
You worshipped Trog.
Trog was pleased with you.
You were very hungry.

You visited 1 branch of the dungeon, and saw 4 of its levels.

You collected 134 gold pieces.
You spent 117 gold pieces at shops.

Inventory:

Hand weapons
 a - a +0,+0 mace (weapon)
Armour
 b - a +0 animal skin (worn)
 o - a +0 cloak (worn)
 y - a +2 helmet (worn)
Comestibles
 f - an apple
 k - 12 grapes
 l - 2 meat rations
 w - a bread ration
 z - 13 strawberries
Scrolls
 c - a scroll of fear {unknown}
 e - 5 scrolls of teleportation {unknown}
 g - 2 scrolls of recharging {unknown}
 h - 4 scrolls of remove curse {unknown}
 j - a scroll of identify {unknown}
 q - 2 scrolls of enchant armour {unknown}
 r - a scroll of amnesia {unknown}
 s - a scroll of enchant weapon I {unknown}
Jewellery
 d - an uncursed amulet of warding {unknown}
 u - a cursed -2 ring of evasion {unknown}
Potions
 i - a potion of might {unknown}
 m - a potion of curing {unknown}
 n - a potion of invisibility {unknown}
 p - 2 potions of restore abilities {unknown}
 t - 2 potions of agility {unknown}
 v - a potion of heal wounds {unknown}
 x - a potion of cure mutation {unknown}


   Skills:
 + Level 5.3 Fighting
 + Level 5.0 Maces & Flails
 + Level 4.6 Armour
 - Level 1.5 Dodging


You had 5 spell levels left.
You didn't know any spells.

Dungeon Overview and Level Annotations

Branches:
Dungeon (4/15)             Temple (0/1) D:4

Altars:
Elyvilon
Xom

Shops:
D:4 [


Innate Abilities, Weirdness & Mutations

You are resistant to torment.
You are immune to poison.
You are immune to rotting.
Your stone body is very resilient (AC +4).
You resist negative energy.
You are resistant to electric shocks.
You can survive without breathing.
You are immune to petrification.


Message History

The orc wizard points at you and mumbles some strange words.
The magic dart hits you!
You sock the orc wizard!
The orc wizard is heavily wounded.
The orc wizard points at you and mumbles some strange words.
The puff of frost hits you!
* * * LOW HITPOINT WARNING * * *
You thump the orc wizard!
You kill the orc wizard!
Trog accepts your kill.
Trog appreciates your killing of a magic user.
You hit the orc.
The orc is severely wounded.
The orc hits you but does no damage.
You sock the orc!
You kill the orc!
Trog accepts your kill.
The orc priest calls down the wrath of Beogh upon you.
Something smites you!
You die...

#.#.....(.#.## #...#.#.#.###.
#............# #.............
....#.#.#.#.#..# ##...#.#.#.###.
###............####......#.....#.
#...####.....%....#.##.###.#.#.
#.### ##########...##...#.#...
#.# ###.##.###.###. .
#############.##.........
#.....o)@.....###########
#.#############


You could see an orc priest.

Vanquished Creatures
  The ghost of porpoise the Skirmisher, an average GrFi (D:3)
  A hound (D:4)
  An orc wizard (D:4)
  A worker ant (D:2)
  6 adders
  4 gnolls (D:4)
  An inept item mimic (D:2)
  A worm (D:2)
  A giant gecko (D:3)
  3 oozes
  7 orcs
  2 ball pythons
  2 giant cockroaches
  6 goblins
  9 hobgoblins
  3 bats
  4 giant newts
  7 kobolds
  7 rats
67 creatures vanquished.

Notes
Turn   | Place    | Note
--------------------------------------------------------------
     0 | D:1      | staplegun, the Gargoyle Berserker, began the quest for the Orb.
     0 | D:1      | Reached XP level 1. HP: 14/14 MP: 1/1
   383 | D:1      | Reached XP level 2. HP: 12/19 MP: 2/2
   808 | D:2      | Reached XP level 3. HP: 15/24 MP: 3/3
  1221 | D:2      | Found a white marble altar of Elyvilon.
  1221 | D:2      | Found a shimmering altar of Xom.
  1333 | D:2      | Reached skill level 4 in Fighting
  1373 | D:2      | Reached XP level 4. HP: 9/29 MP: 4/4
  1748 | D:3      | Noticed porpoise's ghost (average GrFi)
  1759 | D:3      | Killed porpoise's ghost
  1759 | D:3      | Reached XP level 5. HP: 22/34 MP: 5/5
  2015 | D:2      | Acquired Trog's second power
  3091 | D:4      | Found a staircase to the Ecumenical Temple.
  3105 | D:4      | Reached skill level 5 in Fighting
  3105 | D:4      | Reached XP level 6. HP: 40/40 MP: 6/6
  3451 | D:4      | Found Kuuz's Antique Armour Boutique.
  3454 | D:4      | Reached skill level 5 in Maces & Flails
  3461 | D:4      | Bought a helmet for 117 gold pieces
  3522 | D:4      | Killed from afar by an orc priest

Action                   |  1- 3 |  4- 6 || total
-------------------------+-------+-------++-------
Melee: Mace              |   110 |   174 ||   284
Invok: Berserk           |       |     4 ||     4
